 Dungeon Crawl Stone Soup version 0.22-a0-389-g8519d86 (webtiles) character file.

4436 wjh11 the Cleaver (level 10, -4/138 (139) HPs)
             Began as a Minotaur Berserker on Apr 30, 2018.
             Was a High Priest of Trog.
             Slain by a hornet (8 damage)
             ... on level 8 of the Dungeon.
             The game lasted 00:16:54 (7512 turns).

wjh11 the Cleaver (Minotaur Berserker)              Turns: 7512, Time: 00:16:54

HP:   -4/138 (139)  AC: 13    Str: 27    XL:     10   Next: 14%
MP:   9/9           EV:  9    Int:  4    God:    Trog [*****.]
Gold: 541           SH: 11    Dex: 13    Spells: 9/9 levels left

rFire    . . .     SeeInvis +   E - +0 war axe
rCold    . . .     Gourm    .   x - +0 shield
rNeg     . . .     Faith    .   H - +0 plate armour
rPois    .         Spirit   .   (helmet restricted)
rElec    .         Reflect  .   B - +0 cloak
rCorr    .         Harm     .   (no gloves)
MR       .....                  (no boots)
Stlth    ..........             (no amulet)
HPRegen  0.33/turn              A - +3 ring of evasion
MPRegen  0.11/turn              G - ring of see invisible

@: berserking, lethally poisoned (-4 -> -29), slowed
A: retaliatory headbutt, horns 2
a: Berserk, Trog's Hand, Brothers in Arms, Renounce Religion


You were on level 8 of the Dungeon.
You worshipped Trog.
Trog was extremely pleased with you.
You were very hungry.

You visited 1 branch of the dungeon, and saw 8 of its levels.

You collected 541 gold pieces.

Inventory:

Hand Weapons
 a - a +0 hand axe
 E - a +0 war axe (weapon)
 F - a +0 mace
Missiles
 y - a throwing net (quivered)
Armour
 m - a +0 ring mail
 x - a +0 shield (worn)
 B - a +0 cloak (worn)
 H - a +0 plate armour (worn)
Jewellery
 A - a +3 ring of evasion (left hand)
 G - a ring of see invisible (right hand)
 N - a cursed ring of loudness {unknown}
Wands
 n - a wand of digging (24)
 w - a wand of disintegration (11)
 z - a wand of polymorph (10)
 I - a wand of enslavement (14)
 K - a wand of scattershot (6)
Scrolls
 e - 3 scrolls of immolation
 g - 6 scrolls of remove curse
 h - 3 scrolls of fear {unknown}
 k - 5 scrolls of teleportation
 q - 8 scrolls of identify
 s - 3 scrolls of noise {unknown}
 u - 5 scrolls of enchant armour {unknown}
 v - 2 scrolls of fog {unknown}
 D - 2 scrolls of magic mapping {unknown}
 L - a scroll of brand weapon {unknown}
 M - a scroll of blinking {unknown}
Potions
 b - 3 potions of curing
 d - 2 potions of brilliance {unknown}
 f - 3 potions of might {unknown}
 i - a potion of lignification {unknown}
 j - 3 potions of mutation {unknown}
 l - 3 potions of agility {unknown}
 o - 3 potions of flight {unknown}
 p - 4 potions of haste {unknown}
 r - a potion of magic {unknown}
 t - a potion of degeneration {unknown}
 C - a potion of cancellation {unknown}
Comestibles
 c - 15 rations


   Skills:
 + Level 9.9 Fighting
 * Level 13.0 Axes
 + Level 6.0 Armour
 - Level 2.1 Dodging
 + Level 5.2 Shields


You had 9 spell levels left.
You didn't know any spells.

Dungeon Overview and Level Annotations

Branches:
Dungeon (8/15)             Temple (0/1) D:7
   Lair: D:8-11

Altars:
Cheibriados
Elyvilon
Makhleb
Qazlal
Ru
Trog
Uskayaw
Beogh

Shops:
D:5 *!   D:7 *


Innate Abilities, Weirdness & Mutations

You reflexively headbutt those who attack you in melee.
You have a pair of horns on your head.


Message History

The hornet is severely wounded.
Your shield and plate armour prevent you from hitting the hornet.
* * * LOW HITPOINT WARNING * * *
You feel very sick.
The hornet stings you but does no damage.
The hornet stings you.
* * * LOW HITPOINT WARNING * * *
You shrug off the repeated paralysis!
You slice the hornet!!
You kill the hornet!
Trog accepts your kill.
Your Axes skill increases to level 13!
Your Armour skill increases to level 6!
You hit the hornet.
* * * LOW HITPOINT WARNING * * *
You feel sick.
The hornet stings you but does no damage.
* * * LOW HITPOINT WARNING * * *
You feel very sick. The hornet stings you!
You die...

####..# ## ..##..#
#### #)##..# #..#
#>##..# #.##
#)##..#####.##
#.##..##....#y# ##
#)##........##y#.#
......##....#.#y##
#.######.##.##.#@#
..# #.##.##.###
#.#
#.##...#..######
.##
##.##...........#
##
#..############.#
#
#...............#
#
#..#.#.#.#.#.#..#
#
#...............#
#
#....⌠.....⌠....#


You could see 3 hornets.

Vanquished Creatures
  Pikel (D:8)
  A troll (D:8)
  A hornet (D:8)
  Sigmund (D:3)
  Menkaure (D:4)
  A sky beast (D:8)
  A slave (D:8)
  A black bear (D:7)
  5 orc warriors
  A necrophage (D:6)
  A centaur (D:7)
  7 ogres
  2 bullfrogs (D:6)
  A big kobold (D:8)
  A water moccasin zombie (D:8)
  2 scorpions
  5 killer bees (D:7)
  A howler monkey (D:4)
  5 wights (D:7)
  5 crimson imps
  A quasit (D:6)
  A centaur skeleton (D:4)
  3 orc priests
  2 jellies
  4 hounds
  5 orc wizards
  2 bullfrog skeletons (D:4)
  Ijyb (D:5)
  A worker ant (D:5)
  A worker ant zombie (D:5)
  Robin (D:4)
  9 adders
  3 gnolls (D:4)
  3 shadow imps
  An adder skeleton (D:8)
  3 worms
  2 dart slugs
  4 leopard geckos
  28 orcs
  A ball python (D:7)
  8 giant cockroaches
  25 goblins
  12 hobgoblins
  24 jackals
  12 kobolds
  A ball python skeleton (D:5)
  12 bats
  2 frilled lizards
  A leopard gecko skeleton (D:5)
  A leopard gecko zombie (D:5)
  7 rats
225 creatures vanquished.

Vanquished Creatures (others)
  A quokka (D:8)
  A quokka skeleton (D:8)
2 creatures vanquished.

Grand Total: 227 creatures vanquished

Notes
Turn   | Place    | Note
-------+----------+-------------------------------------------
     0 | D:1      | wjh11 the Minotaur Berserker began the quest for the Orb.
     0 | D:1      | Reached XP level 1. HP: 19/19 MP: 0/0
     0 | D:1      | Upgraded the game from 0.22-a0-388-g09e6169 to 0.22-a0-389-g8519d86
    41 | D:1      | Reached skill level 4 in Axes
    45 | D:1      | Reached XP level 2. HP: 25/27 MP: 1/1
   509 | D:1      | Reached XP level 3. HP: 33/33 MP: 2/2
   897 | D:2      | Reached ** piety under Trog
   952 | D:2      | Reached skill level 5 in Axes
  1430 | D:2      | Reached XP level 4. HP: 26/41 MP: 3/3
  1636 | D:2      | Found a burning altar of Makhleb.
  1636 | D:2      | Found a sacrificial altar of Ru.
  2487 | D:3      | Noticed Sigmund
  2489 | D:3      | Reached *** piety under Trog
  2505 | D:3      | Killed Sigmund
  2505 | D:3      | Reached skill level 5 in Fighting
  2505 | D:3      | Reached skill level 7 in Axes
  2505 | D:3      | Reached XP level 5. HP: 12/48 MP: 4/4
  2505 | D:3      | Reached XP level 6. HP: 14/56 MP: 5/5
  3027 | D:4      | Reached skill level 8 in Axes
  3059 | D:4      | Found a bloodstained altar of Trog.
  3323 | D:4      | Reached XP level 7. HP: 39/63 MP: 6/6
  3527 | D:4      | Noticed Robin
  3537 | D:4      | Reached **** piety under Trog
  3541 | D:4      | Killed Robin
  3748 | D:4      | Noticed Menkaure
  3751 | D:4      | Killed Menkaure
  3986 | D:5      | Entered Level 5 of the Dungeon
  3992 | D:5      | Found Fuyzujih's Assorted Antiques.
  4101 | D:5      | Reached skill level 9 in Axes
  4137 | D:5      | Noticed Ijyb
  4148 | D:5      | Killed Ijyb
  4448 | D:5      | Found Uqemmir's Distillery.
  4817 | D:6      | Reached XP level 8. HP: 54/73 MP: 7/7
  5019 | D:6      | Found a stormy altar of Qazlal.
  5111 | D:6      | Reached skill level 10 in Axes
  5307 | D:6      | Found a snail-covered altar of Cheibriados.
  5514 | D:7      | Reached skill level 11 in Axes
  5523 | D:7      | Found a staircase to the Ecumenical Temple.
  5532 | D:7      | Reached skill level 1 in Shields
  5783 | D:7      | Reached XP level 9. HP: 62/81 MP: 8/8
  6105 | D:7      | Found Ipeadoji's Assorted Antiques.
  6126 | D:7      | Found a hide-covered altar of Uskayaw.
  6231 | D:7      | Reached skill level 12 in Axes
  6522 | D:8      | HP: 4/82 [orc priest/divine providence (11)]
  6526 | D:7      | Reached ***** piety under Trog
  6852 | D:8      | Found a roughly hewn altar of Beogh.
  6922 | D:8      | Noticed Pikel
  6933 | D:8      | Killed Pikel
  6933 | D:8      | Reached skill level 5 in Armour
  7071 | D:8      | Found a white marble altar of Elyvilon.
  7075 | D:8      | Noticed a troll
  7083 | D:8      | Killed a troll
  7083 | D:8      | Reached XP level 10. HP: 91/91 MP: 9/9
  7151 | D:8      | Reached skill level 5 in Shields
  7505 | D:8      | Paralysed by a hornet for 3 turns
  7511 | D:8      | Reached skill level 13 in Axes
  7512 | D:8      | HP: 4/138 [poisoned by a hornet]
  7512 | D:8      | Slain by a hornet

Vault maps used:
D:1:      giann_horns, minivault_5
D:2:      gammafunk_temple_overflow_pools
D:3:      uniq_sigmund
D:4:      kennysheep_goblin_castle, first_ration, kennysheep_cross_room,
          dk_noncrumbling_4, trog_hazing_becter, uniq_menkaure
D:5:      serial_shops, shop, shop, hangedman_abyss_or_decor_lesser_grid,
          uniq_ijyb
D:6:      nicolae_qazlal_eye_of_the_storm, cheibriados_altar_1
D:7:      lemuel_doored_altar, minmay_temple_entry_junction_2, serial_shops,
          shop, serial_glass, glass_columns_a, glass_columns_b
D:8:      special_room, hangedman_pestilent_swarm, elyvilon_altar_5, uniq_pikel

Skill      XL: |  1  2  3  4  5  6  7  8  9 10 |
---------------+-------------------------------+-----
Axes           | 4 5 7 8 9 11 12 13 | 13.0
Fighting       | 4 5 6 7 8 9 |  9.9
Shields        | 2 4 5 |  5.2
Armour         | 3 5 6 |  6.0
Dodging        | |  2.1

Action                   |  1- 3 |  4- 6 |  7- 9 | 10-12 || total
-------------------------+-------+-------+-------+-------++-------
Melee: Hand axe          |    77 |   146 |    90 |       ||   313
       Headbutt          |    13 |    25 |    75 |     5 ||   118
       War axe           |       |       |   220 |    38 ||   258
Invok: Berserk           |       |     1 |     9 |     1 ||    11
       Trog's Hand       |       |     1 |     4 |     1 ||     6
  Use: Scroll            |       |       |     3 |       ||     3
  Eat: Chunk             |     1 |     8 |    17 |     3 ||    29
       Ration            |       |       |     1 |       ||     1
Armor: Animal skin       |     6 |       |       |       ||     6
       Ring mail         |    14 |    35 |    47 |       ||    96
       Plate armour      |       |       |    62 |    25 ||    87
Dodge: Dodged            |    59 |    66 |    96 |    12 ||   233
Block: Shield            |       |    15 |   112 |    22 ||   149

Table legend:
 A = Spawn XP
 B = Non-spawn XP
 C = Spawn XP percentage of total XP
 D = Spawn monster count
 E = Non-spawn monster count
 F = Spawn count percentage of total count
 G = Total turns spent on level
                    A         B        C        D         E        F      G
               +---------+---------+-------+---------+---------+-------+---------
         Total |       0 |    6338 |   0.0 |       0 |     224 |   0.0 |  7512
               +---------+---------+-------+---------+---------+-------+---------
           D:1 |       0 |      42 |   0.0 |       0 |      23 |   0.0 |   748
           D:2 |       0 |      61 |   0.0 |       0 |      20 |   0.0 |   921
           D:3 |       0 |     281 |   0.0 |       0 |      32 |   0.0 |  1085
           D:4 |       0 |     569 |   0.0 |       0 |      43 |   0.0 |  1232
           D:5 |       0 |     242 |   0.0 |       0 |      17 |   0.0 |   641
           D:6 |       0 |     966 |   0.0 |       0 |      17 |   0.0 |   840
           D:7 |       0 |    1704 |   0.0 |       0 |      35 |   0.0 |  1345
           D:8 |       0 |    2473 |   0.0 |       0 |      37 |   0.0 |   700
               +---------+---------+-------+---------+---------+-------+---------
